 Dungeon Crawl Stone Soup version 0.18-a0-1392-g59a4c01 (webtiles) character file.

54 Oddball22 the Grasshopper (level 3, 0/18 HPs)
             Began as a Spriggan Warper on Feb 23, 2016.
             Slain by an adder (3 damage)
             ... on level 2 of the Dungeon.
             The game lasted 00:05:43 (1868 turns).

Oddball22 the Grasshopper (Spriggan Warper)         Turns: 1868, Time: 00:05:43

Health: 0/18       AC:  2    Str:  7    XL:     3   Next: 66%
Magic:  8/8        EV: 19    Int: 14    God:
Gold:   50         SH:  0    Dex: 16    Spells: 3 memorised, 2 levels left

rFire  . . .     SeeInvis +     a - +0 short sword
rCold  . . .     Gourm    .     g - +0 robe (curse)
rNeg   . . .     Faith    .     (shield restricted)
rPois  .         Spirit   .     (helmet restricted)
rElec  .         Dismiss  .     (no cloak)
rCorr  .         Reflect  .     (gloves unavailable)
SustAt .         Harm     .     (boots unavailable)
MR     .....                    (no amulet)
Stlth  +++.......               (no ring)
                                (no ring)

@: lethally poisoned (0 -> -5), very quick, not resistant to hostile
enchantments, fairly stealthy
A: unfitting armour, see invisible, herbivore 3, speed 3, slow metabolism 2
a: no special abilities


You were on level 2 of the Dungeon.
You were not hungry.

You visited 1 branch of the dungeon, and saw 2 of its levels.

You collected 50 gold pieces.

Inventory:

Hand Weapons
 a - a +0 short sword (weapon)
Missiles
 e - 5 tomahawks of dispersal (quivered)
Armour
 g - a cursed +0 robe (worn)
Scrolls
 b - a scroll of recharging {unknown}
 d - a scroll of blinking
 h - a scroll of identify {unknown}
 j - a scroll of noise {unknown}
Potions
 i - a potion of lignification {unknown}
Books
 c - a book of Spatial Translocations

   Spells                             Type                      Level
   a - Apportation                    Translocation                1
   b - Blink                          Translocation                2
   c - Shroud of Golubria             Charms/Translocation         2
   d - Portal Projectile              Translocation                3
   e - Teleport Other                 Translocation                3
   f - Passage of Golubria            Translocation                4
Comestibles
 f - a bread ration


   Skills:
 - Level 1.5 Fighting
 + Level 2.7 Short Blades
 - Level 1.0 Throwing
 + Level 4.3 Dodging
 * Level 3.1 Stealth
 + Level 2.9 Spellcasting
 + Level 4.7 Translocations


You had 2 spell levels left.
You knew the following spells:

 Your Spells              Type           Power        Failure   Level  Hunger
a - Apportation           Tloc           ###.......   3%          1    #......
b - Blink                 Tloc           N/A          6%          2    ##.....
c - Shroud of Golubria    Chrm/Tloc      #.........   14%         2    ##.....


Dungeon Overview and Level Annotations

Branches:
Dungeon (2/15)

Altars:
The Shining One


Innate Abilities, Weirdness & Mutations

You are tiny and cannot use many weapons and most armour.
You have supernaturally acute eyesight.
You are an herbivore.
You cover ground extremely quickly.
You need consume almost no food.


Message History

The adder closely misses you. x2
You hit the adder but do no damage.
The adder is moderately wounded.
You feel sick. The adder barely misses you.
You hit the adder.
The adder is heavily wounded.
The adder completely misses you.
You miss the adder.
The adder is moderately wounded.
The adder bites you but does no damage.
You hit the adder.
The adder is heavily wounded.
The adder bites you.
* * * LOW HITPOINT WARNING * * *
The adder misses you.
You hit the adder but do no damage.
The adder is heavily wounded.
* * * LOW HITPOINT WARNING * * *
You feel sick. The adder bites you.
You die...

+.......................
#.........###.####......
#......#..# #.####......
#........># #.##........
####..##.## #.##.#
#..##.####....#
####..##.......##.?.#
#..............##......
####..#.#S@##..........
##..#.#†.##.###......
###.....#...#.# ......
.......(...##....#
rb.%..
.................#
.................#
........#..##.##[#
........#........#
........#........#


You could see an adder.

Vanquished Creatures
  2 adders (D:2)
  An ooze (D:2)
  2 giant geckos (D:2)
  A ball python (D:1)
  4 bats (D:1)
  A giant cockroach (D:1)
  3 goblins (D:1)
  2 hobgoblins (D:1)
  4 jackals (D:1)
  A quokka (D:2)
  A giant newt (D:1)
  A kobold (D:1)
  6 rats
29 creatures vanquished.

Notes
Turn   | Place    | Note
--------------------------------------------------------------
     0 | D:1      | Oddball22 the Spriggan Warper began the quest for the Orb.
     0 | D:1      | Reached XP level 1. HP: 10/10 MP: 5/5
    48 | D:1      | Reached skill level 1 in Stealth
   303 | D:1      | Reached XP level 2. HP: 14/14 MP: 6/6
   397 | D:1      | Found a glowing golden altar of the Shining One.
  1313 | D:2      | Reached XP level 3. HP: 10/18 MP: 8/8
  1852 | D:1      | Learned a level 2 spell: Blink
  1855 | D:1      | Learned a level 2 spell: Shroud of Golubria
  1868 | D:2      | Slain by an adder

Vault maps used:
D:1:      dpeg_arrival_line_fractal, minmay_strange_pillars, st_stairs_7,
          minmay_misc_feat_hallway, tso_altar
D:2:      grunt_temple_overflow_growth_and_decay, uniq_robin

Skill      XL: |  1  2  3 |
---------------+----------+-----
Stealth        | 2 3 |  3.1
Dodging        | 4 |  4.3
Fighting       | |  1.5
Short Blades   | |  2.7
Throwing       | |  1.0
Spellcasting   | |  2.9
Translocations | |  4.7

Action                   || total
-------------------------++-------
Melee: Short sword       ||   134
 Stab: Sleeping          ||     4
